← All builds
Geo / Armada / Economy first / OBSERVED BUILD

Centurion drop

Armada Geo build order · Supreme Isthmus

Geo rushes Centurions from a Bot Lab around 2:36, flies them with an ally's light transport, and drops them behind enemy lines on the suicide front's base instead of massing at the middle, before transitioning into T1 air and the usual T2…

#drop #raid #air · 78 distinct matches · 20 players · 3% of Armada Geo games · team won 55% of 78 · Recently observed

THE CATCH, AND WHAT COMES WITH IT
  • CenturionT1 bot riot from 2:36 · 6% of role by thenFrom the Bot Lab. Only 6% of Geo games have it by then; others who build it get it around 2:44
  • HerculesLight transport from an ally in 69%10% of all Geo games by then
  • Aircraft PlantAircraft Plant in 55%17% of all Geo games by then
  • FalconFighter in 49%11% of all Geo games by then
  • StormbringerBomber in 47%10% of all Geo games by then

Where those units first fight, in 72 games with kill data: in the middle 85%, on their own side 14%.

Those units destroy a typical 768 metal of enemy units by 15:00.

Then transitions into Starlight (21% of army), blitz (18% of army), bomber (12% of army).

HOW TO PLAY IT

Key timing: Centurion drop by 2:47

  1. Open Bot Lab immediately, ahead of the usual geo-first order.
  2. Build Centurions fast and hold them for the drop, not the middle.
  3. Get a light transport (Hercules) from an ally to fly Centurions in.
  4. Land Centurions behind enemy lines on the suicide front's base, hit cons and eco.
  5. Build Aircraft Plant for bombers and fighters as you transition to T2.

Phase by phase

TYPICAL OF ITS 78 GAMES · AGAINST STANDARD GEO
  1. 1
  2. 2
  3. 3
  4. 4
  5. 5
  6. 6
PLAY THE OPENING

Follow the example game's first 6:00 step by step: what to build now, what comes next, and where it goes. At 1× it keeps pace with your own game.

  1. 1

    Up to the Bot Lab

    Economy
    • Metal Extractor3Mex
    • Wind Turbine4Wind
    Order
    1. Bot LabBot Lab after 3 mex, 4 winddone ~1:13, middle half 0:53–1:44

    Some games also: energy storage (44%) · Sentry (38%)

    By 0:57 in all: 3 mex · 4 wind

    The example game in this phase · 3 steps
    1. Mex ×2
    2. Wind ×4
    3. Bot LabBot Labdone 1:02 · typical 1:13
  2. 2

    Bot Lab to T1 bot riot

    Economy
    • Metal Extractor1Mex
    Order
    1. CenturionT1 bot riot after 4 mex, 4 wind, 1 energy storage
    Builders
    • Lazarus4 Lazarus
    • Construction Bot2 Con bot
    • Construction Bot1 Con bot for allies
    • Lazarus1 Lazarus for allies

    Some games also: wind (49%)

    The standard build makes here, this one skips: 2 wind

    By 2:36 in all: 4 mex · 4 wind · 1 energy storage

    The example game in this phase · 8 steps
    1. LazarusLazarus ×2
    2. Construction BotCon botfor unknown
    3. LazarusLazarus
    4. Construction BotCon bot
    5. Mex
    6. LazarusLazarus
    7. Construction BotCon bot
    8. CenturionCenturiondone 2:09
  3. 3

    T1 bot riot to 5:00

    Economy
    • Energy Converter4Converter−4 vs standard
    Order
    1. Geothermal PowerplantGeo after 4 mex, 4 wind, 1 energy storagein 76% of games
    2. Bot LabEat Bot Lab
    Builders
    • Construction Turret3 Con turret −2 vs standard
    Army
    • Centurion1 Centurion

    Some games also: mex (32%)

    By 5:00 in all: 4 mex · 4 wind (standard 7) · 1 geo · 5 converter (standard 8) · 1 energy storage · 4 con turret

    The example game in this phase · 18 steps
    1. Mex
    2. Geothermal PowerplantGeodone 2:52 · typical 3:41
    3. Energy storage
    4. Con turret ×2
    5. Converter ×3
    6. Con turret
    7. Bot LabEat Bot Labreclaimed for its metal
    8. Metal storage
    9. Con turret
    10. Converter
    11. Con turret
    12. Converter
    13. Con turret
    14. Converter
    15. Wind
    16. Converter
    17. Wind ×15
    18. Converter ×4
  4. 4

    5:00 to Aircraft Plant

    Economy
    • Energy Converter2Converter
    Order
    1. Advanced Geothermal PowerplantAdvanced Geothermal Powerplant after 4 mex, 8 converter, 6 con turretin 65% of games
    2. Aircraft PlantAircraft Plant after 8 wind, 8 converter, 9 con turretdone ~7:32, middle half 6:48–7:47
    Builders
    • Construction Turret3 Con turret +2 vs standard

    Some games also: wind (40%)

    By 7:27 in all: 4 mex · 6 wind (standard 10) · 1 geo · 1 Advanced Geothermal Powerplant · 8 converter (standard 11) · 1 energy storage

    The example game in this phase · 9 steps
    1. Wind ×5
    2. Advanced Metal ExtractorT2 mexdone 5:41 · typical 5:43
    3. Wind
    4. Advanced Metal ExtractorT2 mex ×2
    5. Advanced Geothermal PowerplantAdvanced Geothermal Powerplantdone 6:52 · typical 7:34
    6. Advanced Metal ExtractorT2 mex
    7. Construction VehicleCon vehicle
    8. Advanced Vehicle PlantAdvanced Vehicle Plantdone 7:40 · typical 9:31
    9. BeamerBeamer ×2
  5. 5

    Aircraft Plant to Vehicle Plant

    Order
    1. Vehicle PlantVehicle Plant after 6 wind, 10 converter, 8 con turretdone ~8:34, middle half 7:47–9:17

    Some games also: bomber (40%) · con turret (40%) · fighter (37%)

    By 8:27 in all: 4 mex · 8 wind (standard 12) · 1 geo · 1 Advanced Geothermal Powerplant · 9 converter (standard 13) · 1 energy storage

    The example game in this phase · 1 step
    1. Vehicle PlantVehicle Plantdone 6:56 · typical 8:34
  6. 6

    Vehicle Plant to 10:00

    Order
    1. Advanced Vehicle PlantAdvanced Vehicle Plant after 5 wind, 10 converter, 9 con turretin 54% of games
    2. Vehicle PlantEat Vehicle Plant in 78% of games
    Builders
    • Construction Vehicle1 Con vehicle

    Some games also: converter (36%) · Starlight (31%) · eat Aircraft Plant (44%)

    The standard build makes here, this one skips: 3 wind · 2 Starlight

    By 10:00 in all: 4 mex · 9 wind (standard 18) · 1 geo · 1 Advanced Geothermal Powerplant · 11 converter (standard 16) · 1 energy storage

    The example game in this phase · 88 steps
    1. Vehicle PlantEat Vehicle Plantreclaimed for its metal
    2. BeamerBeamer
    3. UmbraJammer
    4. ProphetRadar vehicle
    5. MauserMauser
    6. Converter
    7. MauserMauser
    8. Converter ×2
    9. MauserMauser
    10. Converter ×2
    11. MauserMauser
    12. Converter ×2
    13. MauserMauser
    14. Converter
    15. Advanced Metal ExtractorT2 mex
    16. Converter
    17. StarlightStarlightnot finished by 15:00 · typical 10:19
    18. Converter ×3
    19. ShredderShredderdone 9:09
    20. Converter
    21. ShredderShredder
    22. Converter
    23. StarlightStarlight
    24. Con turret ×2
    25. JaguarJaguar ×2
    26. Con turret ×2
    27. StarlightStarlight ×3
    28. UmbraJammer
    29. ProphetRadar vehicle
    30. UmbraJammer
    31. StarlightStarlight
    32. Con turret
    33. StarlightStarlight
    34. Con turret ×2
    35. Bot LabBot Labdone 11:47
    36. Advanced Vehicle PlantEat Advanced Vehicle Plantreclaimed for its metal
    37. Bot LabBot Lab ×2done 11:51
    38. TickTick ×2
    39. PawnPawn
    40. TickTick
    41. PawnPawn ×2
    42. TickTick ×2
    43. PawnPawn ×2
    44. TickTick ×2
    45. PawnPawn
    46. TickTick
    47. PawnPawn ×2
    48. TickTick ×3
    49. PawnPawn ×3
    50. TickTick ×3
    51. PawnPawn ×3
    52. TickTick ×2
    53. Con turret
    54. TickTick
    55. PawnPawn ×3
    56. Con turret
    57. TickTick ×2
    58. PawnPawn
    59. TickTick
    60. PawnPawn ×2
    61. TickTick ×3
    62. PawnPawn ×3
    63. TickTick ×2
    64. PawnPawn
    65. TickTick
    66. PawnPawn ×2
    67. TickTick
    68. CenturionCenturion ×12
    69. TickTick
    70. PawnPawn ×2
    71. TickTick ×3
    72. PawnPawn ×3
    73. TickTick ×2
    74. PawnPawn
    75. TickTick
    76. PawnPawn ×2
    77. TickTick ×2
    78. PawnPawn ×2
    79. TickTick ×3
    80. PawnPawn ×3
    81. TickTick ×2
    82. PawnPawn
    83. TickTick
    84. PawnPawn
    85. LazarusLazarus ×6
    86. PawnPawn
    87. TickTick ×3
    88. PawnPawn ×3

Counts are medians over the build's games: half of them build more, half fewer. The example game is [Crd]Mind_The_Gap's (31 OS, 12/09/2026); pick another.

Team trades

IN AT LEAST 30% OF ITS GAMES

You hand over

  • Lazarus1 Lazarus to Beach seafirst at 2:31 · in 60% of games
  • Construction Bot1 Con bot to Beach sea or Pondfirst at 2:32 · in 78% of games
  • Advanced Construction Vehicle1 T2 con vehicle to Suicide front or Frontfirst at 10:07 · in 36% of games

You get

  • Hercules2 Light transport from Airfirst at 2:51 · in 74% of games
  • Advanced Construction Bot1 T2 con bot from Techfirst at 4:52 · in 96% of games
  • Advanced Metal Extractor1 T2 mex from Tech or Pond or Beach seafirst at 5:24 · in 33% of games

How it plays out

Typical game of this build against the role’s standard build, running totals by minute

  • This build
  • Standard geo

Metal produced

020k40k
0:005:0010:0015:00

metal

Enemy metal destroyed

05k10k15k
0:005:0010:0015:00

metal

Own metal lost

02.5k5k7.5k
0:005:0010:0015:00

metal

78 games.

Show as table
ByMetal produced: This buildMetal produced: Standard geoEnemy metal destroyed: This buildEnemy metal destroyed: Standard geoOwn metal lost: This buildOwn metal lost: Standard geo
1:003433330000
2:008778610000
3:00153115270000
4:00264626710000
5:003637369446703110
6:004960563667605400
7:007255801583005440
8:00102601133591306140
9:00129611440611044268884
10:00157711727118364721116202
11:001900020116273317373215520
12:0021949229894064361436871579
13:0025047257355492587441732938
14:0027619285897289825256714405
15:00294573136092991024268285550
WHAT THE NUMBERS SAY

Won more often than the standard build while destroying far more enemy metal early despite heavier losses, consistent with a drop disrupting the enemy base rather than fighting at the middle.

  • + Destroys much more enemy metal by 10:00 than the standard build (2071 vs 627).
  • + Team won this build more often than the role's standard play.
  • − Own metal lost is noticeably higher than standard by 10:00 (1116 vs 320).
  • − Commits a transport and bot force very early, before T2 or geo is secure.
THE EXAMPLE YOU ARE READING

[Crd]Mind_The_Gap

30.7 OS · 12/09/2026

Open source match ↗

5 received units · includes a constructor
1879 metal received · 178750 energy received

Allied construction assistance is unknown. Timings are observations, not a promise of solo reproducibility.

Typical milestones

Bot Lab1:13Middle 50%: 0:53–1:44 · n=78
Geothermal Powerplant3:41Middle 50%: 3:23–4:06 · n=78
Advanced Metal Extractor5:43Middle 50%: 5:28–6:06 · n=76
Aircraft Plant7:32Middle 50%: 6:48–7:47 · n=43
Advanced Geothermal Powerplant7:34Middle 50%: 7:16–8:07 · n=67
Vehicle Plant8:34Middle 50%: 7:47–9:17 · n=68
Advanced Vehicle Plant9:31Middle 50%: 8:36–10:21 · n=61
Starlight10:19Middle 50%: 9:33–10:52 · n=50

Played most by

IMBALANCED32games of this buildNutzz19games of this buildzeus_on_god5games of this buildPRO_HYDRA3games of this buildDukeofStars2games of this build